[Event "Titled Tuesday Blitz July 27 2021"]
[White "Lee, Qing Aun"]
[Black "Vasquez Schroeder, Rodrigo"]
[WhiteFideId "5804167"]
[BlackFideId "3400042"]
[WhiteElo "2023"]
[BlackElo "2572"]
[Result "1-0"]
[Round "08"]
[TimeControl "180+1"]
[Date "2021.07.27"]
[WhiteClock "0:01:26"]
[BlackClock "0:01:51"]

1. e4 c5 2. Nf3 d6 3. d4 cxd4 4. Nxd4 Nf6 5. Nc3 a6 6. Bg5 e6 7. f4 Nbd7 8. Qf3 Qc7 9. O-O-O b5 10. a3 Bb7 11. g4 Qb6 12. Bxf6 Nxf6 13. g5 Nd7 14. f5 Ne5 15. Qg3 exf5 16. Nxf5 b4 17. axb4 Qxb4 18. Nd5 Bxd5 19. Rxd5 Rb8 20. Rxe5+ dxe5 21. Qxe5+ Kd7 22. Bxa6 Kc6 23. Nd4+ Kd7 24. Bb5+ Kc8 25. Qe8+ 1-0


[Site "https://www.chess.com"]

[Event "Titled Tuesday Blitz July 27 2021"]
[White "Leenhouts, Koen"]
[Black "Do Valle Cardoso, Lucas"]
[WhiteFideId "1008439"]
[BlackFideId "2163144"]
[WhiteElo "2409"]
[BlackElo "2387"]
[Result "0-1"]
[Round "08"]
[TimeControl "180+1"]
[Date "2021.07.27"]
[WhiteClock "0:00:08"]
[BlackClock "0:00:05"]

1. d4 Nf6 2. c4 g6 3. Nc3 d5 4. Nf3 Bg7 5. Qb3 dxc4 6. Qxc4 O-O 7. e4 Nc6 8. Be2 e5 9. d5 Nd4 10. Nxd4 exd4 11. Qxd4 c6 12. Qd1 Re8 13. dxc6 Qxd1+ 14. Nxd1 Nxe4 15. cxb7 Bxb7 16. Be3 Nd6 17. O-O Nf5 18. Rc1 Nh4 19. Bb5 Re5 20. Bc6 Bxc6 21. Rxc6 Ra5 22. a3 h5 23. Bd2 Rd5 24. Bc3 Bh6 25. Ne3 Rd3 26. Bf6 Bxe3 27. fxe3 Nf5 28. e4 Ne3 29. Rfc1 Kh7 30. h3 Kh6 31. Kf2 Re8 32. Ke2 Rb3 33. Rc8 Rxc8 34. Rxc8 g5 35. g3 h4 36. Bc3 Ng2 37. gxh4 Nxh4 38. Rh8+ Kg6 39. Ra8 Rb7 40. Rc8 Ng2 41. Rc6+ Kh5 42. Kf3 Nh4+ 43. Ke3 Ng6 44. b4 Nf4 45. h4 Kxh4 46. Rh6+ Kg4 47. Rf6 Ne6 48. a4 Rc7 49. Kd3 Nf4+ 50. Kd4 Ne2+ 51. Kd5 Nxc3+ 52. Kd6 Nxe4+ 53. Kxc7 Nxf6 54. b5 Kf5 55. Kb7 g4 56. Kxa7 g3 57. b6 g2 58. b7 g1=Q+ 59. Ka8 Nd7 60. b8=Q Nxb8 61. a5 Qc5 62. a6 Nxa6 63. Kb7 Nb4 64. Ka8 Qe7 65. Kb8 Nd5 66. Kc8 Qc7# 0-1


[Site "https://www.chess.com"]

[Event "Titled Tuesday Blitz July 27 2021"]
[White "Libiszewski, Fabien"]
[Black "Agibileg, Uurtsaikh"]
[WhiteFideId "616834"]
[BlackFideId "4901606"]
[WhiteElo "2440"]
[BlackElo "2117"]
[Result "1-0"]
[Round "08"]
[TimeControl "180+1"]
[Date "2021.07.27"]
[WhiteClock "0:00:21"]
[BlackClock "0:00:03"]

1. e4 c5 2. Nf3 e6 3. d4 cxd4 4. Nxd4 Nc6 5. Nc3 Qc7 6. Be2 a6 7. O-O Nf6 8. Kh1 Be7 9. f4 d6 10. Nxc6 bxc6 11. Qd3 O-O 12. b3 c5 13. Bb2 Bb7 14. Qg3 d5 15. e5 Nd7 16. Rae1 Rae8 17. Bg4 Bd8 18. Nd1 d4 19. Nf2 f5 20. exf6 Rxf6 21. Ne4 Rg6 22. Qh3 Bxe4 23. Rxe4 Rxg4 24. Qxg4 Nf6 25. Qe2 Nxe4 26. Qxe4 Bf6 27. a4 g6 28. Qd3 Kf7 29. Qxa6 c4 30. bxc4 Rb8 31. Ba3 Qxf4 32. Re1 Kg7 33. Qxe6 Rb7 34. Bd6 Qd2 35. Rf1 Rf7 36. Be5 Qg5 37. Bxf6+ 1-0


[Site "https://www.chess.com"]

[Event "Titled Tuesday Blitz July 27 2021"]
[White "Liyanage, Ranindu Dilshan"]
[Black "Grinblat, Dmitry"]
[WhiteFideId "9915834"]
[BlackFideId "4163257"]
[WhiteElo "1839"]
[BlackElo "2445"]
[Result "1/2-1/2"]
[Round "08"]
[TimeControl "180+1"]
[Date "2021.07.27"]
[WhiteClock "0:00:03"]
[BlackClock "0:01:13"]

1. c4 Nf6 2. Nc3 e6 3. Nf3 d5 4. d4 Nbd7 5. cxd5 exd5 6. Bg5 Be7 7. e3 O-O 8. Bd3 h6 9. Bh4 c6 10. Qc2 Re8 11. O-O Ne4 12. Bxe7 Qxe7 13. Rab1 a5 14. Nd2 Ndf6 15. Rbe1 c5 16. Nxd5 Nxd5 17. Bxe4 Nf6 18. f3 cxd4 19. exd4 Qd6 20. Qd3 Rd8 21. Nb3 a4 22. Nc5 Qxd4+ 23. Qxd4 Rxd4 24. Rd1 Nxe4 25. fxe4 Rxd1 26. Rxd1 Be6 27. Nxe6 fxe6 28. Rd7 Rc8 29. Rxb7 Rc2 30. Rb4 Kf7 31. Rxa4 Rxb2 32. Ra5 Kf6 33. e5+ Kf5 34. h3 h5 35. Ra7 g5 36. Ra5 Kf4 37. Kh2 h4 38. Kh1 Kg3 39. Ra3+ Kf4 40. Ra5 Kg3 41. Ra3+ Kf4 42. Ra5 1/2-1/2


[Site "https://www.chess.com"]

[Event "Titled Tuesday Blitz July 27 2021"]
[White "Madaminov, Mukhiddin"]
[Black "Terry, Renato"]
[WhiteFideId "14210703"]
[BlackFideId "3803457"]
[WhiteElo "1747"]
[BlackElo "2581"]
[Result "0-1"]
[Round "08"]
[TimeControl "180+1"]
[Date "2021.07.27"]
[WhiteClock "0:00:04"]
[BlackClock "0:00:54"]

1. e4 e6 2. d4 d5 3. e5 c5 4. c3 Qb6 5. Nf3 Bd7 6. Bd3 cxd4 7. cxd4 Nc6 8. Be2 Nge7 9. Nc3 Nf5 10. Na4 Qa5+ 11. Bd2 Bb4 12. Nc3 Ncxd4 13. Nxd4 Nxd4 14. a3 Be7 15. Bd3 Qc7 16. O-O Qxe5 17. Re1 Qf6 18. Qg4 Nb3 19. Rad1 Nxd2 20. Rxd2 Qg5 21. Qd1 O-O 22. Bb1 Bc6 23. b4 a6 24. Re3 g6 25. Rg3 Qf6 26. Rh3 Rac8 27. Rdd3 Bd7 28. Ne4 Qb2 29. Rb3 Rc1 0-1


[Site "https://www.chess.com"]

[Event "Titled Tuesday Blitz July 27 2021"]
[White "Maevsky, Nikolay"]
[Black "Luo, Terry"]
[WhiteFideId "4198220"]
[BlackFideId "30931045"]
[WhiteElo "2213"]
[BlackElo "2024"]
[Result "1/2-1/2"]
[Round "08"]
[TimeControl "180+1"]
[Date "2021.07.27"]
[WhiteClock "0:00:05"]
[BlackClock "0:00:18"]

1. d4 Nf6 2. Nf3 g6 3. c4 Bg7 4. Nc3 O-O 5. e4 d6 6. Be2 e5 7. d5 a5 8. Bg5 h6 9. Bh4 Na6 10. Nd2 Qe8 11. f3 h5 12. O-O Nh7 13. a3 Bd7 14. Nb5 Bh6 15. Bf2 Qe7 16. Qc2 h4 17. Kh1 Bf4 18. Rfd1 Qg5 19. Nf1 Nf6 20. Qc3 Kg7 21. b4 Nh5 22. Qe1 Ng3+ 23. Nxg3 hxg3 24. Bxg3 axb4 25. Bxf4 Qxf4 26. axb4 Rh8 27. g3 Qh6 28. Qf2 Bxb5 29. cxb5 Nxb4 30. Bf1 c5 31. bxc6 bxc6 32. Rxa8 Rxa8 33. dxc6 Nxc6 34. Rxd6 Nd4 35. f4 Ra1 36. fxe5 Ne6 37. Qf6+ Kg8 38. Qf2 Qc1 39. Kg2 Qb1 40. Rd2 Qxe4+ 41. Kg1 Qxe5 42. Qe2 Qc5+ 43. Qf2 Qe5 44. Qe2 Qc5+ 45. Qf2 Qe5 1/2-1/2


[Site "https://www.chess.com"]

[Event "Titled Tuesday Blitz July 27 2021"]
[White "Makhmudov, Shukhrat"]
[Black "Costachi, Mihnea"]
[WhiteFideId "14200775"]
[BlackFideId "1217518"]
[WhiteElo "2135"]
[BlackElo "2482"]
[Result "0-1"]
[Round "08"]
[TimeControl "180+1"]
[Date "2021.07.27"]
[WhiteClock "0:00:45"]
[BlackClock "0:02:29"]

1. e4 e5 2. Nf3 Nc6 3. Bb5 a6 4. Ba4 d6 5. d4 b5 6. Bb3 Nxd4 7. Nxd4 exd4 8. Bd5 Rb8 9. Qxd4 Nf6 10. Bc6+ Bd7 11. Bxd7+ Qxd7 12. O-O Be7 13. Nc3 O-O 14. Nd5 Nxd5 15. exd5 Bf6 16. Qd3 Qg4 17. h3 Qh4 18. c3 Rfe8 19. Be3 Re5 20. Rae1 Rbe8 21. Bd2 Qh5 22. Rxe5 Rxe5 23. Re1 g6 24. Rxe5 Qxe5 25. Be3 Bg5 26. Bxg5 Qxg5 27. Qd1 Qf4 28. b3 Qe4 29. Qd2 h5 30. f3 Qe5 31. Kf2 h4 32. c4 bxc4 33. bxc4 Qg3+ 34. Kf1 Qe5 35. Kf2 Qa1 36. Qe2 Qd4+ 37. Kf1 Kf8 38. Qc2 a5 39. Qa4 Qa1+ 40. Kf2 Qb2+ 41. Kf1 Qc1+ 42. Kf2 Qd2+ 43. Kf1 Kg7 44. Qb3 Kf6 45. Qa4 Kg5 46. Qb3 Kf4 47. Qb1 Kg3 48. Qe1+ Qxe1+ 49. Kxe1 Kxg2 50. Ke2 Kxh3 51. Kf2 g5 52. a4 f5 53. Ke3 Kg3 0-1


[Site "https://www.chess.com"]

[Event "Titled Tuesday Blitz July 27 2021"]
[White "Makhnev, Denis"]
[Black "Gokerkan, Cem Kaan"]
[WhiteFideId "13707647"]
[BlackFideId "6336760"]
[WhiteElo "2537"]
[BlackElo "2361"]
[Result "1-0"]
[Round "08"]
[TimeControl "180+1"]
[Date "2021.07.27"]
[WhiteClock "0:00:15"]
[BlackClock "0:00:02"]

1. d4 Nf6 2. c4 e6 3. Nf3 d5 4. g3 Be7 5. Bg2 O-O 6. O-O dxc4 7. Qc2 a6 8. a4 Bd7 9. Qxc4 Bc6 10. Bf4 Bd6 11. Qc1 Nbd7 12. Nc3 Ne4 13. Rd1 Ndf6 14. Be5 h6 15. Bxf6 Qxf6 16. Nxe4 Bxe4 17. Ne1 Bxg2 18. Kxg2 Rac8 19. Nf3 c5 20. d5 c4 21. Qc2 c3 22. Rab1 exd5 23. Rxd5 Qe6 24. Rbd1 cxb2 25. Qxb2 Bc5 26. Qe5 Qc6 27. Qf4 Rfe8 28. e3 b6 29. h4 a5 30. h5 Qe6 31. Rd7 Re7 32. Rxe7 Qxe7 33. Ne5 Re8 34. Rd5 Qe6 35. e4 f6 36. Nf3 Qxe4 37. Qd2 Qxa4 38. Rd7 Qe4 39. Ra7 Kh8 40. Qd7 Re7 41. Qc8+ Kh7 42. Ra8 Qxa8 43. Qxa8 g6 44. hxg6+ Kxg6 45. Nh4+ Kf7 46. Qd5+ Ke8 47. f4 a4 48. Nf5 Re2+ 49. Kf3 Rf2+ 50. Kg4 a3 51. Kh5 a2 52. Qa8+ Kd7 53. Kg6 Re2 54. Kf7 h5 55. Kxf6 Kc7 56. Kf7 b5 57. Qa5+ Kc6 58. Ng7 Bd4 59. Ne6 a1=Q 60. Qc7+ Kd5 61. Qb7+ Kc4 62. Qc6+ Kd3 63. Qxb5+ Kd2 64. Qd5 Kd3 65. f5 Qc3 66. Qf3+ Kd2 67. Qd5 Kd3 68. Kg6 Qc4 69. Nf4+ Kc3 70. Qxc4+ Kxc4 71. Nxe2 Be5 72. f6 Kd3 73. f7 Bd6 74. Nf4+ Ke4 75. Nxh5 Kf3 76. g4 Kxg4 77. Nf6+ Kf4 78. Ne8 Bf8 79. Kf6 Ke4 80. Ng7 Kd5 81. Nf5 Kc6 82. Ne7+ Kd7 83. Ng6 Ba3 84. Ne5+ Kd8 85. Nf3 Kd7 86. Ne5+ Kd8 87. Ke6 Bc5 88. Nc6+ Kc7 89. Ne7 1-0


[Site "https://www.chess.com"]

[Event "Titled Tuesday Blitz July 27 2021"]
[White "Maltsevskaya, Aleksandra"]
[Black "Subrota, Biswas"]
[WhiteFideId "24174041"]
[BlackFideId "10216200"]
[WhiteElo "2225"]
[BlackElo "2177"]
[Result "1-0"]
[Round "08"]
[TimeControl "180+1"]
[Date "2021.07.27"]
[WhiteClock "0:02:15"]
[BlackClock "0:02:09"]

1. e4 c6 2. Nf3 d5 3. Nc3 dxe4 4. Nxe4 Nf6 5. Qe2 Nxe4 6. Qxe4 Nd7 7. Bc4 Nf6 8. Ne5 e6 9. Qe2 Be7 10. c3 O-O 11. O-O c5 12. Rd1 b6 13. d4 Qc7 14. Bf4 Bd6 15. dxc5 bxc5 16. Rxd6 Qxd6 17. Ng6 Qc6 18. Ne7+ 1-0


[Site "https://www.chess.com"]

[Event "Titled Tuesday Blitz July 27 2021"]
[White "Maly, Alexey"]
[Black "Pauly, Carlo"]
[WhiteFideId "14103184"]
[BlackFideId "24673269"]
[WhiteElo "2285"]
[BlackElo "2248"]
[Result "1-0"]
[Round "08"]
[TimeControl "180+1"]
[Date "2021.07.27"]
[WhiteClock "0:01:07"]
[BlackClock "0:00:09"]

1. d4 Nf6 2. c4 g6 3. Nc3 Bg7 4. e4 d6 5. Be2 O-O 6. Nf3 e5 7. O-O Nc6 8. d5 Ne7 9. Ne1 Nd7 10. Be3 f5 11. f3 f4 12. Bf2 g5 13. a4 a5 14. Nd3 b6 15. b4 axb4 16. Nxb4 Nf6 17. Nc6 Nxc6 18. dxc6 h5 19. Nd5 Rf7 20. a5 bxa5 21. Qa4 Bf8 22. Rfb1 g4 23. Bh4 Be7 24. Bxf6 Bxf6 25. Rb7 Bxb7 26. cxb7 Rb8 27. Rb1 c5 28. Qc6 g3 29. h3 Bg7 30. Rb6 a4 31. Bd1 a3 32. Bb3 Kh7 33. Nc3 Qxb6 34. Qxb6 Rfxb7 35. Qxd6 Rxb3 36. Kf1 Rxc3 37. Qxb8 Rc1+ 38. Ke2 a2 39. Qc8 a1=Q 40. Qf5+ Kg8 41. Qe6+ Kf8 42. Qd6+ Kf7 43. Qd7+ Kf8 44. Qd8+ Kf7 45. Qd7+ Kf6 46. Qd6+ Kg5 47. h4+ Kxh4 48. Qe7+ Bf6 49. Qxf6# 1-0


[Site "https://www.chess.com"]

[Event "Titled Tuesday Blitz July 27 2021"]
[White "Martinez Alcantara, Jose Eduardo"]
[Black "Vokhidov, Shamsiddin"]
[WhiteFideId "3805662"]
[BlackFideId "14204223"]
[WhiteElo "2690"]
[BlackElo "2572"]
[Result "1-0"]
[Round "08"]
[TimeControl "180+1"]
[Date "2021.07.27"]
[WhiteClock "0:00:05"]
[BlackClock "0:00:04"]

1. e4 c5 2. Nf3 e6 3. g3 Nc6 4. Bg2 Nf6 5. Qe2 e5 6. O-O Be7 7. c3 O-O 8. Na3 Re8 9. d3 h6 10. Nc4 Bf8 11. Ne3 d5 12. Nh4 d4 13. Nd5 Be6 14. c4 b5 15. cxb5 Bxd5 16. exd5 Nb4 17. d6 Rb8 18. a3 Nbd5 19. a4 Qxd6 20. Nf5 Qe6 21. Bh3 Kh7 22. Qf3 Nb4 23. Bd2 e4 24. dxe4 Nxe4 25. Bxb4 cxb4 26. Nxg7 Qxh3 27. Nxe8 f5 28. Nc7 Nd2 29. Qd3 Nxf1 30. Rxf1 Qg4 31. Ne6 Qe4 32. Qxe4 fxe4 33. Nxd4 Bc5 34. Ne6 Bb6 35. Re1 Rc8 36. Rxe4 Rc2 37. Rxb4 Rxf2 38. Kh1 Re2 39. Nf4 Rc2 40. Rb3 Bd4 41. a5 Rc7 42. Kg2 Rb7 43. Kf3 Bg1 44. h4 Kg7 45. Kg2 Be3 46. Rxe3 Rxb5 47. b3 1-0


[Site "https://www.chess.com"]

[Event "Titled Tuesday Blitz July 27 2021"]
[White "Mezentsev, Ivan"]
[Black "Timmermans, Mark"]
[WhiteFideId "13706195"]
[BlackFideId "1026399"]
[WhiteElo "2295"]
[BlackElo "2460"]
[Result "0-1"]
[Round "08"]
[TimeControl "180+1"]
[Date "2021.07.27"]
[WhiteClock "0:00:04"]
[BlackClock "0:00:20"]

1. d4 Nf6 2. Nf3 e6 3. Bf4 d5 4. e3 Bd6 5. Bg3 O-O 6. Nbd2 Ne4 7. Nxe4 dxe4 8. Nd2 f5 9. Bc4 Kh8 10. O-O Qe7 11. Bb3 b5 12. a4 b4 13. Nc4 Ba6 14. f3 Bb7 15. fxe4 Bxe4 16. Qh5 Nd7 17. Bh4 Qe8 18. Qxe8 Raxe8 19. a5 h6 20. Ba4 Rf7 21. Rad1 g5 22. Nxd6 cxd6 23. Bg3 d5 24. Bd6 Rc8 25. Bxb4 Nf6 26. c3 Rb7 27. Rd2 Kg7 28. Bc5 h5 29. b4 h4 30. a6 Rbc7 31. Rb2 Bd3 32. b5 Bxf1 33. Kxf1 Ne4 34. b6 axb6 35. Rxb6 Nxc5 36. dxc5 Rxc5 37. Bd7 Rd8 38. Bxe6 Ra5 39. Ke2 Ra8 40. Bxf5 R8xa6 41. Rb7+ Kf6 42. Bd3 Ra2+ 43. Kf3 Rc6 44. Rb3 Ke5 45. h3 Rf6+ 46. Kg4 Rxg2+ 47. Kh5 Rg3 48. Rb5 Rxe3 49. Bc4 Rd6 50. Bb3 Rxc3 51. Bd1 Rxh3 52. Kxg5 Rh1 53. Bf3 Rg1+ 54. Kxh4 Rh6+ 55. Bh5 Rh1+ 56. Kg4 R1xh5 57. Rb6 Rxb6 0-1


[Site "https://www.chess.com"]

[Event "Titled Tuesday Blitz July 27 2021"]
[White "Mikheeva, Galina"]
[Black "Hajiyeva, Laman"]
[WhiteFideId "44108320"]
[BlackFideId "13415875"]
[WhiteElo "1706"]
[BlackElo "1728"]
[Result "0-1"]
[Round "08"]
[TimeControl "180+1"]
[Date "2021.07.27"]
[WhiteClock "0:00:11"]
[BlackClock "0:00:28"]

1. e4 c6 2. d4 d5 3. exd5 cxd5 4. Bd3 Nc6 5. c3 Qc7 6. Ne2 Nf6 7. Bf4 e5 8. dxe5 Nh5 9. Bg3 Nxg3 10. hxg3 Qxe5 11. Nd2 Be6 12. Nf3 Qf6 13. Nf4 O-O-O 14. Qc2 h6 15. O-O-O Bd6 16. Nh5 Qe7 17. Nxg7 Bg4 18. Nf5 Bxf5 19. Bxf5+ Kb8 20. Kb1 Bc5 21. Rhe1 Qc7 22. Re2 Qb6 23. Rde1 d4 24. cxd4 Bxd4 25. Qe4 Bxf2 26. Qf4+ Ka8 27. Rc1 Bc5 28. Ne5 Nxe5 29. Qxe5 Bd4 30. Qe4 a6 31. Rec2 Ka7 32. b3 Rhe8 33. Qf3 Re7 34. Be4 Bg7 35. Bd5 Qd4 36. Rc5 Qa1+ 37. Kc2 Qxa2+ 38. Kd3 Qxb3+ 39. Kd2 Qxf3 40. gxf3 Red7 0-1


[Site "https://www.chess.com"]

[Event "Titled Tuesday Blitz July 27 2021"]
[White "Miranda, Rafael"]
[Black "Manukian, Artak"]
[WhiteFideId "130990"]
[BlackFideId "13301373"]
[WhiteElo "2159"]
[BlackElo "2357"]
[Result "1/2-1/2"]
[Round "08"]
[TimeControl "180+1"]
[Date "2021.07.27"]
[WhiteClock "0:00:22"]
[BlackClock "0:00:07"]

1. e4 c6 2. d4 d5 3. e5 Bf5 4. Nf3 e6 5. Bd3 Bxd3 6. Qxd3 Qa5+ 7. Nc3 Qa6 8. Qxa6 Nxa6 9. a3 Ne7 10. Ne2 Nf5 11. g4 Ne7 12. Bg5 h5 13. gxh5 Rxh5 14. h4 Nf5 15. Ng3 Nxg3 16. fxg3 c5 17. c3 Rc8 18. Kd2 Kd7 19. Rhf1 Ke8 20. Be3 f6 21. exf6 gxf6 22. g4 Rh8 23. g5 Be7 24. g6 Kf8 25. Rh1 Rh5 26. Rag1 Kg7 27. Ne1 e5 28. dxe5 fxe5 29. Nd3 Rch8 30. Rf1 Rf8 31. Rfg1 c4 32. Nxe5 Rxh4 33. Rxh4 Bxh4 34. Rh1 Rh8 35. Rg1 Nc7 36. Nf7 Rg8 37. Bd4+ Bf6 38. Be3 Be7 39. Bd4+ Bf6 40. Bxa7 Ne6 41. Be3 Be7 42. Nh6 Rf8 43. Ke2 Nf4+ 44. Bxf4 Rxf4 45. Ng4 Bd6 46. Ne3 Re4 47. Kf3 Rxe3+ 48. Kxe3 Bc5+ 49. Kf4 Bxg1 50. Ke5 Kxg6 51. Kxd5 Kf5 52. Kxc4 Ke6 53. Kb5 Kd7 54. c4 Kc7 55. b4 Be3 56. a4 Bd2 57. c5 Be1 58. Kc4 Bd2 59. a5 Be1 60. Kb5 Bd2 61. Ka4 Kc6 62. b5+ Kxc5 63. a6 bxa6 64. bxa6 Kb6 65. a7 Kxa7 1/2-1/2


[Site "https://www.chess.com"]

[Event "Titled Tuesday Blitz July 27 2021"]
[White "Mirzoev, Azer"]
[Black "Arnold, Ken"]
[WhiteFideId "13400304"]
[BlackFideId "2056836"]
[WhiteElo "2525"]
[BlackElo "2500"]
[Result "1-0"]
[Round "08"]
[TimeControl "180+1"]
[Date "2021.07.27"]
[WhiteClock "0:01:54"]
[BlackClock "0:01:34"]

1. d4 Nf6 2. c4 g6 3. Nc3 d5 4. e4 dxe4 5. Bg5 Bg7 6. Nge2 O-O 7. Qd2 Re8 8. O-O-O Nc6 9. Ng3 Bg4 10. Be2 Bxe2 11. Ngxe2 Nb4 12. Kb1 Nd3 13. Ng3 c5 14. d5 Ne5 15. Qe2 a6 16. Ngxe4 Nxe4 17. Nxe4 b5 18. d6 Nxc4 19. dxe7 Qc7 20. Nf6+ Bxf6 21. Bxf6 Qf4 22. Qf3 1-0


[Site "https://www.chess.com"]

[Event "Titled Tuesday Blitz July 27 2021"]
[White "Mohandesi, Shahin"]
[Black "Florescu, Codrut-Constantin"]
[WhiteFideId "12501247"]
[BlackFideId "1202200"]
[WhiteElo "1993"]
[BlackElo "2243"]
[Result "0-1"]
[Round "08"]
[TimeControl "180+1"]
[Date "2021.07.27"]
[WhiteClock "0:00:02"]
[BlackClock "0:00:23"]

1. Nf3 d5 2. c4 e6 3. g3 Nf6 4. Bg2 Be7 5. O-O O-O 6. b3 c6 7. Bb2 Nbd7 8. e3 Bd6 9. d4 Qe7 10. Nc3 dxc4 11. bxc4 e5 12. Re1 Re8 13. Qc2 Bb4 14. a3 Bd6 15. Qb3 a6 16. a4 Bb4 17. a5 Bxc3 18. Bxc3 e4 19. Ne5 Nf8 20. Bb4 Qe6 21. Bxf8 Rxf8 22. Qb6 Qe7 23. Rab1 h5 24. h4 Re8 25. Bf1 Ng4 26. Nxg4 hxg4 27. Qb4 Qf6 28. d5 g5 29. hxg5 Qxg5 30. Bg2 cxd5 31. cxd5 Qxd5 32. Rbd1 Qb5 33. Qd6 Be6 34. Bxe4 Qxa5 35. Bxb7 Ra7 36. Bc6 Rc8 37. Be4 Rd7 38. Qf4 Rcd8 39. Rxd7 Qxe1+ 40. Kg2 Rxd7 41. Qh6 Bd5 42. Qg5+ Kf8 43. Bxd5 Qa5 44. Qh6+ Ke7 45. Qg5+ Kd6 46. Qf6+ Kc7 47. Qc6+ Kd8 0-1


[Site "https://www.chess.com"]

[Event "Titled Tuesday Blitz July 27 2021"]
[White "Moksh Amit Doshi"]
[Black "Shvedova, Alexandra"]
[WhiteFideId "25064967"]
[BlackFideId "54154782"]
[WhiteElo "2245"]
[BlackElo "1887"]
[Result "1-0"]
[Round "08"]
[TimeControl "180+1"]
[Date "2021.07.27"]
[WhiteClock "0:00:29"]
[BlackClock "0:00:37"]

1. d4 d5 2. c4 e6 3. Nf3 Nf6 4. g3 dxc4 5. Bg2 Nc6 6. Qa4 Nd7 7. Qxc4 Nb6 8. Qd3 e5 9. Nxe5 Nb4 10. Qc3 Qxd4 11. O-O Qxc3 12. Nxc3 c6 13. Rd1 Be6 14. e4 Be7 15. f4 f6 16. Nf3 Bc5+ 17. Kh1 a5 18. Nd4 Bf7 19. a3 Bxd4 20. axb4 Bxc3 21. bxc3 a4 22. Be3 Nc4 23. Bc5 b6 24. Bd4 O-O 25. Bf1 b5 26. Kg2 Rfd8 27. Kf2 a3 28. g4 a2 29. g5 fxg5 30. f5 Nb2 31. Rd2 Na4 32. e5 c5 33. bxc5 Nxc5 34. e6 Nb3 35. exf7+ Kxf7 36. Raxa2 Nxd2 37. Rxd2 Rab8 38. Rb2 Rd5 39. Bc4 bxc4 40. Rxb8 Rxf5+ 41. Ke3 Ra5 42. Rb7+ Ke8 43. Rxg7 h5 44. Rh7 h4 45. Rh5 Kf7 46. Kf3 Kg6 47. Kg4 Rf5 48. Rh6+ Kxh6 49. Kxf5 Kh5 50. Bf6 g4 51. Be5 g3 52. hxg3 hxg3 53. Bxg3 Kh6 54. Ke5 Kg5 55. Kd4 Kf5 56. Kxc4 Ke6 57. Kb5 Kd7 58. c4 Kc8 59. c5 Kb7 60. c6+ Kc8 61. Kb6 Kd8 62. c7+ Kc8 63. Be1 Kd7 64. Kb7 Ke7 65. c8=Q Kd6 66. Qc6+ Ke7 67. Bc3 Kd8 68. Qc7+ Ke8 69. Ba5 Kf8 70. Kc6 Ke8 71. Kd6 Kf8 72. Ke6 Kg8 73. Kf6 Kh8 74. Qg7# 1-0


[Site "https://www.chess.com"]

[Event "Titled Tuesday Blitz July 27 2021"]
[White "Molina, Roberto Junio Brito"]
[Black "Jeet, Jain"]
[WhiteFideId "2109450"]
[BlackFideId "5073022"]
[WhiteElo "2747"]
[BlackElo "2496"]
[Result "1-0"]
[Round "08"]
[TimeControl "180+1"]
[Date "2021.07.27"]
[WhiteClock "0:00:14"]
[BlackClock "0:00:08"]

1. d4 d5 2. c4 e6 3. Nc3 Be7 4. cxd5 exd5 5. Bf4 Nf6 6. e3 Bf5 7. Bd3 Bxd3 8. Qxd3 c6 9. Nge2 O-O 10. h3 Nbd7 11. O-O-O b5 12. Kb1 b4 13. Na4 Nb6 14. Qc2 Nxa4 15. Qxa4 Qb6 16. Nc1 c5 17. dxc5 Bxc5 18. Nb3 Bd6 19. Qa5 Qxa5 20. Nxa5 Bxf4 21. exf4 Rfe8 22. Rhe1 g6 23. Nc6 a5 24. f3 Kf8 25. Ne5 Kg7 26. Rd4 Rac8 27. g4 Rc5 28. Rc1 Rec8 29. Rxc5 Rxc5 30. Rd3 Ne8 31. Nd7 Rb5 32. Re3 Nd6 33. b3 Rb7 34. Nc5 Rc7 35. Na6 Rc6 36. Nb8 Rc8 37. Nd7 Nb5 38. Kb2 Nc3 39. Rd3 f6 40. Nb6 Rd8 41. a3 d4 42. Nc4 Ne2 43. Rd2 Nxf4 44. h4 f5 45. gxf5 gxf5 46. Nxa5 bxa3+ 47. Kxa3 d3 48. Nc6 Rd6 49. Ne5 Kf6 50. Nc4 Ra6+ 51. Kb2 Ke6 52. Ne3 Ke5 53. Kc3 Rc6+ 54. Nc4+ Kf6 55. Kd4 Ng6 56. h5 Nf4 57. b4 Nxh5 58. b5 Rc8 59. b6 Nf4 60. b7 Rb8 61. Rb2 Ne6+ 62. Kd5 Nd8 63. Nd6 d2 64. Rxd2 Nxb7 65. Rb2 Rg8 66. Rxb7 Rg3 67. Rf7+ Kg6 68. Rxf5 Rg5 69. Rxg5+ Kxg5 70. Ke5 h5 71. f4+ Kg4 72. Nf5 Kf3 73. Nh4+ Kg4 74. Ng6 h4 75. Nxh4 Kxh4 76. f5 Kg5 77. Ke6 1-0


[Site "https://www.chess.com"]

[Event "Titled Tuesday Blitz July 27 2021"]
[White "Mortazavi, Ali"]
[Black "Moroni, Luca Jr"]
[WhiteFideId "401323"]
[BlackFideId "865834"]
[WhiteElo "2339"]
[BlackElo "2491"]
[Result "0-1"]
[Round "08"]
[TimeControl "180+1"]
[Date "2021.07.27"]
[WhiteClock "0:00:02"]
[BlackClock "0:00:01"]

1. e4 e5 2. Bc4 Nf6 3. d3 Nc6 4. Nf3 Bc5 5. c3 d6 6. Bb3 a6 7. Nbd2 Be6 8. Bc2 Ng4 9. O-O Bxf2+ 10. Rxf2 Ne3 11. Qe2 Nxc2 12. Rb1 Bxa2 13. b4 Bxb1 14. Nxb1 N2xb4 15. cxb4 O-O 16. Nc3 Nxb4 17. g3 d5 18. exd5 Nxd5 19. Ne4 f5 20. Neg5 Qd6 21. Nxe5 Rae8 22. Bb2 f4 23. Qh5 Nf6 24. Qe2 fxg3 25. hxg3 h6 26. Ngf3 Ng4 27. Rf1 Rxf3 28. Rxf3 Rxe5 29. Bxe5 Nxe5 30. Re3 Qd4 31. Kg2 Qd5+ 32. Kh2 Ng6 33. Re8+ Kh7 34. Qe4 Qf7 35. Re6 a5 36. Kh3 a4 37. Kg4 a3 38. Kh5 a2 39. Rxg6 a1=Q 0-1


[Site "https://www.chess.com"]

[Event "Titled Tuesday Blitz July 27 2021"]
[White "Moskalenko, Alexander"]
[Black "Yaran, Siar"]
[WhiteFideId "4155351"]
[BlackFideId "6323006"]
[WhiteElo "2495"]
[BlackElo "1977"]
[Result "1-0"]
[Round "08"]
[TimeControl "180+1"]
[Date "2021.07.27"]
[WhiteClock "0:00:27"]
[BlackClock "0:00:03"]

1. e4 e5 2. Nf3 Nc6 3. Bb5 a6 4. Ba4 Nf6 5. O-O Be7 6. Re1 b5 7. Bb3 d6 8. c3 O-O 9. h3 Na5 10. Bc2 c5 11. d4 Qc7 12. dxe5 dxe5 13. Nbd2 Rd8 14. Nh2 Be6 15. Qf3 c4 16. Ndf1 Nb7 17. Bg5 Nc5 18. Re2 Nd3 19. Rb1 h6 20. Bxf6 Bxf6 21. Ng4 Be7 22. Rd2 Nf4 23. Rbd1 Rxd2 24. Rxd2 Rd8 25. Nge3 Rxd2 26. Nxd2 Qd7 27. Ndf1 Bc5 28. a3 a5 29. Kh2 h5 30. Nd5 Nxd5 31. exd5 Qxd5 32. Be4 Qd6 33. Qxh5 g6 34. Qe2 f5 35. Bc2 e4+ 36. g3 Kg7 37. Ne3 f4 38. gxf4 Qxf4+ 39. Kg2 Bd6 40. Ng4 Bf5 41. Qe3 Bxg4 42. hxg4 Qxg4+ 43. Kf1 Qf3 44. Qd4+ Qf6 45. Qxe4 Be5 46. Qb7+ Kh6 47. Qxb5 Qg5 48. Bd1 Qd2 49. Qxe5 Qxd1+ 50. Qe1 Qd3+ 51. Qe2 Qh3+ 52. Ke1 Qh1+ 53. Kd2 Qb1 54. Ke3 Qc1+ 55. Qd2 Qh1 56. Kd4+ Kg7 57. Kxc4 Qc6+ 58. Kd3 Qd5+ 59. Kc2 Qf5+ 60. Kc1 Kh7 61. a4 Qe4 62. b3 Qh1+ 63. Kb2 Qe4 64. c4 Qe5+ 65. Ka2 Qe4 66. c5 Qc6 67. Qc2 Kg7 68. Qc3+ Kh7 69. Qxa5 Qd5 70. Qc3 Qe4 71. c6 Qe2+ 72. Qb2 Qe6 73. Qc2 1-0


[Site "https://www.chess.com"]

[Event "Titled Tuesday Blitz July 27 2021"]
[White "Murzin, Volodar"]
[Black "Parkhov, Yair"]
[WhiteFideId "44155573"]
[BlackFideId "2813408"]
[WhiteElo "2541"]
[BlackElo "2131"]
[Result "1-0"]
[Round "08"]
[TimeControl "180+1"]
[Date "2021.07.27"]
[WhiteClock "0:01:07"]
[BlackClock "0:00:02"]

1. e4 c6 2. d3 e5 3. Nd2 d5 4. Ngf3 Bd6 5. c3 Nf6 6. Be2 O-O 7. O-O Re8 8. Re1 Nbd7 9. Qc2 Qc7 10. Rb1 a5 11. b3 Nf8 12. Bb2 Ng6 13. Bf1 dxe4 14. dxe4 Bc5 15. h3 h6 16. a3 b5 17. b4 Ba7 18. c4 axb4 19. axb4 bxc4 20. Nxc4 Rb8 21. Ba1 Ba6 22. Na5 Bxf1 23. Rxf1 c5 24. Rfc1 Qb6 25. Nc4 Qc6 26. b5 Qxe4 27. Qxe4 Nxe4 28. b6 Bxb6 29. Nxb6 1-0


[Site "https://www.chess.com"]